Map: Bridgehead LE (Void)

Players

BuffNerd

  • Race: Zerg Zerg
  • League: Silver

SticklerMac - Winner!

  • Race: Zerg Zerg
  • League: Silver

VOD

Have the link to the VOD?

Description

Time

  • Played on: Aug. 29, 2015, 2:35 a.m.
  • Length: 11:43
Show
View Real Time Build Order
Export as new Build Order

BuffNerd Zerg 

Build Orders: Hatch First, Zergling Baneling 

Get SALT Encoding   

  12  0:00  Drone  
  13  0:12  Overlord  
  13  0:18  Drone  
  14  0:32  Drone x2  
  16  0:39  Drone  
  17  0:49  Drone  
  18  0:57  Hatchery  
  17  1:07  Extractor  
  16  1:12  Drone, Spawning Pool  
  16  1:16  Drone  
  17  1:20  Drone  
  18  1:30  Drone  
  19  1:44  Drone  
  20  1:56  Drone  
  21  2:03  Baneling Nest, Queen  
  22  2:10  Queen  
  22  2:11  Drone x3  
  27  2:21  Overlord  
  27  2:23  Overlord  
  27  2:47  Zergling x2  
  27  2:48  Zergling x6  
  31  2:51  Metabolic Boost  
  31  2:57  Drone x2  
  33  3:05  Zergling x4  
  33  3:19  Zergling x8  
  26  3:20  Zergling x4  
  22  3:38  Drone x2  
  22  3:40  Baneling x2  
  23  3:41  Baneling x3  
  23  3:44  Zergling x4  
  22  3:52  Zergling x2  
  22  3:53  Zergling x2  
  18  4:17  Zergling x4  
  18  4:24  Drone  
  20  4:30  Baneling x2  
  20  4:36  Drone  
  21  4:45  Drone  
  22  4:52  Baneling  
  21  4:53  Baneling  
  21  4:55  Baneling  
  21  5:02  Drone  
  22  5:07  Drone  
  23  5:16  Drone  
  23  5:19  Drone  
  25  5:25  Drone  
  24  5:43  Drone x4  
  24  5:47  Drone  
  29  6:12  Drone x3  
  29  6:13  Drone x4  
  36  6:20  Drone x2  
  38  6:41  Spine Crawler  
  37  6:47  Spine Crawler  
  37  6:52  Drone  
  37  6:53  Drone x5, Spine Crawler  
  41  6:57  Lair  
  41  7:02  Extractor  
  41  7:04  Extractor  
  39  7:39  Drone x3  
  39  7:40  Drone  
  43  7:49  Overlord x4  
  43  7:50  Overlord x2  
  43  8:02  Spire  
  41  8:33  Drone  
  41  8:34  Drone x3, Extractor  
  44  9:13  Mutalisk  
  44  9:14  Mutalisk x9  
  64  9:22  Mutalisk  
  66  9:29  Drone x2  
  68  9:32  Hatchery  
  67  9:52  Zergling x10  
  72  9:53  Zergling x2  
  54  10:52  Mutalisk x5  
  54  10:53  Mutalisk x2  
  58  11:15  Mutalisk x2  
Show
View Real Time Build Order
Export as new Build Order

SticklerMac Zerg - Winner!

Build Orders: Pool First, Zergling Baneling 

Get SALT Encoding   

  12  0:00  Drone  
  13  0:08  Drone  
  13  0:13  Extractor  
  13  0:16  Drone  
  14  0:34  Spawning Pool  
  13  0:37  Drone  
  14  0:45  Overlord  
  14  1:04  Drone x3  
  17  1:19  Drone  
  17  1:21  Queen  
  20  1:27  Metabolic Boost  
  20  1:32  Drone  
  21  1:39  Baneling Nest  
  20  1:44  Drone  
  21  1:48  Zergling x2  
  22  2:03  Overlord  
  22  2:20  Hatchery  
  21  2:26  Zergling x4  
  21  2:29  Zergling x4  
  25  2:35  Zergling x2  
  26  2:51  Zergling x2  
  26  2:52  Zergling x2  
  26  2:53  Baneling x2  
  28  3:02  Zergling x2  
  28  3:16  Zergling x4  
  29  3:21  Zergling x2  
  29  3:26  Baneling x2  
  28  3:27  Baneling  
  28  3:28  Zergling x2  
  28  3:38  Zergling x2  
  27  3:51  Zergling x2  
  27  3:52  Zergling x4  
  27  4:06  Zergling x2  
  27  4:16  Queen, Zergling x4  
  29  4:17  Zergling x2  
  29  4:18  Hatchery  
  29  4:23  Baneling x2  
  29  4:31  Queen  
  29  4:32  Zergling x4  
  29  4:33  Zergling x4  
  35  4:42  Zergling x2  
  35  4:44  Overlord  
  36  4:51  Zergling x2  
  36  4:53  Baneling x2  
  36  4:54  Baneling x3  
  36  5:11  Spine Crawler  
  35  5:14  Spore Crawler  
  35  5:15  Drone x2  
  36  5:28  Lair  
  35  5:47  Zergling x4  
  35  5:49  Zergling x2  
  37  5:59  Drone x4  
  37  6:00  Drone, Extractor  
  37  6:03  Drone  
  41  6:14  Drone x2  
  41  6:15  Drone  
  44  6:30  Drone x2  
  46  6:34  Drone x3  
  46  6:38  Extractor  
  48  6:40  Extractor  
  48  6:41  Overlord  
  48  6:45  Drone  
  48  6:48  Drone  
  48  6:54  Overlord  
  49  6:59  Drone  
  49  7:00  Drone  
  51  7:02  Drone  
  51  7:05  Drone  
  53  7:12  Drone x3  
  56  7:27  Spire  
  55  7:37  Drone x3  
  55  7:38  Drone x2  
  55  7:42  Drone  
  55  7:43  Drone x2  
  63  7:47  Drone  
  63  7:48  Drone  
  61  8:39  Mutalisk x2  
  65  8:44  Overlord x2  
  65  8:45  Overlord  
  65  8:47  Overlord  
  65  8:55  Overlord x2  
  65  9:08  Hatchery  
  65  9:09  Mutalisk  
  66  9:10  Mutalisk x12  
  90  9:18  Mutalisk x2  
  94  9:28  Mutalisk  
  94  9:29  Mutalisk  
  98  9:48  Mutalisk x2  
  102  9:57  Mutalisk  
  104  10:06  Overlord  
  104  10:07  Overlord x2  
  104  10:15  Mutalisk  
  104  10:16  Mutalisk  
  107  10:30  Mutalisk  
  106  10:45  Mutalisk x2  
  110  10:58  Mutalisk  
  110  11:01  Zergling x2  
  110  11:02  Zergling x30  
Tags
 
Add a new tag
Caveats
  • Supply blocks, unpowered buildings, or Contaminate may cause inaccurate times.
  • Supply counts are checked every 10 seconds.